 Dungeon Crawl Stone Soup version 0.24.0-37-gcf1ca852f1 (webtiles) character file.

Game seed: 14470831566787488679, levelgen mode: deterministic

5232 Curus the Cleaver (level 10, -1/88 HPs)
             Began as a Minotaur Berserker on Nov 29, 2019.
             Was an Elder of Trog.
             Slain by a six-headed hydra (2 damage)
             ... on level 1 of the Lair of Beasts.
             The game lasted 00:30:13 (5834 turns).

Curus the Cleaver (Minotaur Berserker)              Turns: 5834, Time: 00:30:14

Health: -1/88      AC: 17    Str: 22    XL:     10   Next: 35%
Magic:  9/9        EV:  6    Int:  5    God:    Trog [****..]
Gold:   213        SH:  9    Dex: 10    Spells: 9/9 levels left

rFire    . . .     SeeInvis .   r - +1 war axe (venom)
rCold    . . .     Gourm    .   u - +2 shield {reflect}
rNeg     + . .     Faith    .   m - +1 plate armour
rPois    .         Spirit   .   (helmet restricted)
rElec    .         Reflect  +   o - scarf {repulsion}
rCorr    .         Harm     .   j - +2 pair of gloves
MR       +++..                  (no boots)
Stlth    ..........             s - amulet of rage
HPRegen  1.24/turn              q - ring of positive energy
MPRegen  0.11/turn              (no ring)

@: lethally poisoned (-1 -> -1), about to teleport, regenerating, slowed, repel
missiles, very slow
A: retaliatory headbutt, horns 2, talons 1, repulsion field 1, dopey 1, magic
resistance 1
a: Berserk, Trog's Hand, Brothers in Arms, Renounce Religion, Evoke Berserk Rage


You were on level 1 of the Lair of Beasts.
You worshipped Trog.
Trog was greatly pleased with you.
You were not hungry.

You visited 2 branches of the dungeon, and saw 9 of its levels.

You collected 528 gold pieces.
You spent 315 gold pieces at shops.

Inventory:

Hand Weapons
 a - a +1 hand axe
 i - a +0 war axe
 r - a +1 war axe of venom (weapon)
Armour
 b - a +0 animal skin
 e - a +0 ring mail
 j - a +2 pair of gloves (worn)
 l - a +0 chain mail
 m - a +1 plate armour (worn)
 o - a scarf of repulsion (worn)
 u - a +2 shield of reflection (worn)
Jewellery
 q - a ring of positive energy (left hand)
 s - an amulet of rage (around neck)
Wands
 k - a wand of polymorph (3)
 n - a wand of digging (3)
Scrolls
 f - 6 scrolls of identify
 g - 7 scrolls of teleportation
 p - 4 scrolls of remove curse
 w - a scroll of magic mapping
 x - 2 scrolls of fear
Potions
 d - 3 potions of heal wounds
 h - 5 potions of curing
 t - 2 potions of brilliance
 z - a potion of resistance
Comestibles
 c - 13 rations
 v - 7 chunks of flesh


   Skills:
 + Level 8.3 Fighting
 - Level 14.7 Axes
 + Level 7.8 Armour
 - Level 2.1 Dodging


You had 9 spell levels left.
You didn't know any spells.
Your spell library was empty.

Dungeon Overview and Level Annotations

Branches:
Dungeon (8/15)             Temple (0/1) D:7            Lair (1/6) D:8

Altars:
Ashenzari
Dithmenos
Elyvilon
Kikubaaqudgha
Makhleb
Nemelex Xobeh
Okawaru
Qazlal
Ru
Uskayaw
Xom

Shops:
D:5 ?   D:6 ?


Innate Abilities, Weirdness & Mutations

You reflexively headbutt those who attack you in melee.
You have a pair of horns on your head.
You have sharp toenails.
You are surrounded by a mild repulsion field. (EV +2)
You are dopey. (Int -2)
You are resistant to hostile enchantments. (MR+)


Message History

You feel the effects of Trog's Hand fading.
You feel sick.
You feel sick.
There is an open door here.
You block the six-headed hydra's attack.
The six-headed hydra bites you but does no damage. x2
The six-headed hydra barely misses you. x2
The six-headed hydra bites you but does no damage.
You see here a curare-tipped dart.
As you read the scroll of teleportation, it crumbles to dust.
You feel strangely unstable.
You feel sick. The six-headed hydra bites you.
* * * LOW HITPOINT WARNING * * *
The six-headed hydra bites you.
* * * LOW HITPOINT WARNING * * *
You block the six-headed hydra's attack.
The six-headed hydra bites you.
* * * LOW HITPOINT WARNING * * *
The six-headed hydra bites you but does no damage.
The six-headed hydra bites you.
You die...

#........# ###
##........# #.###
P!.......# ....##
#........# ##...###
#........# ##....#####
#........#
####.#.#.#######........#
#..........@D...)....#
##.##########(.......#
### #.....((.# ##.###.+##
#... ..# #+### .# # .# #
# #


You could see a six-headed hydra.

Vanquished Creatures
  Sonja (Lair:1)
  Pikel (D:6)
  3 spiny frogs (Lair:1)
  A komodo dragon (Lair:1)
  Sigmund (D:2)
  4 yaks (Lair:1)
  A water moccasin (D:6)
  An orc warrior (D:8)
  A sky beast (D:7)
  3 ogres
  5 wolves (Lair:1)
  A centaur (D:5)
  2 bullfrogs (Lair:1)
  A gnoll sergeant (D:6)
  2 scorpions
  3 killer bees (D:8)
  2 crimson imps
  A quasit (D:8)
  4 hounds
  A jelly (D:6)
  5 orc priests
  4 iguanas
  4 orc wizards
  5 worker ants
  A killer bee zombie (D:8)
  2 worker ant zombies
  10 gnolls
  8 adders
  A howler monkey skeleton (D:4)
  An ooze (D:3)
  4 worms (D:2)
  2 dart slugs
  4 leopard geckos
  19 orcs
  4 giant cockroaches
  3 goblins
  3 hobgoblins
  4 jackals
  10 kobolds
  3 quokkas
  5 bats
  3 frilled lizards
  A jackal skeleton (D:6)
  7 rats
  A bush (Lair:1)
  A fungus (Lair:1)
154 creatures vanquished.

Vanquished Creatures (others)
  2 fungi (Lair:1)
2 creatures vanquished.

Grand Total: 156 creatures vanquished

Notes
Turn   | Place    | Note
-------+----------+-------------------------------------------
     0 | D:1      | Curus the Minotaur Berserker began the quest for the Orb.
     0 | D:1      | Reached XP level 1. HP: 19/19 MP: 0/0
    56 | D:1      | Reached skill level 4 in Axes
   262 | D:1      | Reached XP level 2. HP: 23/26 MP: 1/1
   933 | D:2      | Noticed Sigmund
   950 | D:2      | Killed Sigmund
   950 | D:2      | Reached skill level 7 in Axes
   950 | D:2      | Reached XP level 3. HP: 20/31 MP: 2/2
   950 | D:2      | Reached XP level 4. HP: 26/39 MP: 3/3
   950 | D:2      | Reached XP level 5. HP: 30/45 MP: 4/4
  1009 | D:2      | Found a white marble altar of Elyvilon.
  1614 | D:2      | Found a shimmering altar of Xom.
  1616 | D:2      | Reached ** piety under Trog
  1879 | D:3      | Reached skill level 8 in Axes
  1899 | D:3      | Found a sparkling altar of Nemelex Xobeh.
  1990 | D:3      | Reached XP level 6. HP: 51/51 MP: 5/5
  2072 | D:3      | Found an ancient bone altar of Kikubaaqudgha.
  2373 | D:4      | Reached skill level 9 in Axes
  2607 | D:4      | Reached XP level 7. HP: 52/57 MP: 6/6
  2693 | D:4      | Found an iron altar of Okawaru.
  2896 | D:5      | Entered Level 5 of the Dungeon
  2901 | D:5      | Found Juydiro's Magic Scroll Boutique.
  2942 | D:5      | Bought a scroll of teleportation for 42 gold pieces
  2942 | D:5      | Bought a scroll of teleportation for 42 gold pieces
  2942 | D:5      | Bought a scroll of enchant armour for 105 gold pieces
  2942 | D:5      | Bought a scroll of teleportation for 42 gold pieces
  3086 | D:5      | Reached *** piety under Trog
  3086 | D:5      | Reached skill level 10 in Axes
  3202 | D:5      | Found a shadowy altar of Dithmenos.
  3402 | D:5      | Gained mutation: You are dopey. (Int -2) [potion of
                  | mutation]
  3402 | D:5      | Gained mutation: You are surrounded by a mild repulsion
                  | field. (EV +2) [potion of mutation]
  3402 | D:5      | Gained mutation: You have sharp toenails. [potion of
                  | mutation]
  3402 | D:5      | Gained mutation: You are resistant to hostile enchantments.
                  | (MR+) [potion of mutation]
  3464 | D:5      | Found a burning altar of Makhleb.
  3561 | D:6      | Reached skill level 11 in Axes
  3687 | D:6      | Found Onoastraif's Magic Scroll Boutique.
  3695 | D:6      | Bought a scroll of teleportation for 42 gold pieces
  3695 | D:6      | Bought a scroll of teleportation for 42 gold pieces
  3815 | D:6      | Reached XP level 8. HP: 64/64 MP: 7/7
  3892 | D:6      | Reached skill level 12 in Axes
  4067 | D:6      | Found a sacrificial altar of Ru.
  4067 | D:6      | Noticed Pikel
  4071 | D:6      | Killed Pikel
  4071 | D:6      | Reached skill level 13 in Axes
  4525 | D:7      | Found a shattered altar of Ashenzari.
  4906 | D:7      | Found a stormy altar of Qazlal.
  5030 | D:7      | Found a staircase to the Ecumenical Temple.
  5138 | D:8      | Reached XP level 9. HP: 70/70 MP: 8/8
  5147 | D:8      | Identified a scroll of acquirement
  5168 | D:8      | Reached skill level 14 in Axes
  5518 | D:8      | Reached **** piety under Trog
  5566 | D:8      | Noticed a +0 dagger
  5567 | D:8      | Found a hide-covered altar of Uskayaw.
  5567 | D:8      | Found a staircase to the Lair.
  5568 | D:8      | Noticed a +0 dagger
  5587 | Lair:1   | Entered Level 1 of the Lair of Beasts
  5599 | Lair:1   | Noticed a komodo dragon
  5606 | Lair:1   | Killed a komodo dragon
  5638 | Lair:1   | Noticed a spiny frog
  5647 | Lair:1   | Killed a spiny frog
  5647 | Lair:1   | Reached skill level 5 in Fighting
  5685 | Lair:1   | Reached skill level 5 in Armour
  5712 | Lair:1   | Noticed a spiny frog
  5719 | Lair:1   | Killed a spiny frog
  5719 | Lair:1   | Reached XP level 10. HP: 58/84 MP: 9/9
  5741 | Lair:1   | Noticed a spiny frog
  5749 | Lair:1   | Killed a spiny frog
  5814 | Lair:1   | Noticed Sonja
  5821 | Lair:1   | HP: 3/88 [Sonja/+1 short sword of distortion (3)]
  5826 | Lair:1   | Killed Sonja
  5828 | Lair:1   | Noticed a six-headed hydra
  5834 | Lair:1   | HP: 1/88 [six-headed hydra (6)]
  5834 | Lair:1   | Slain by a six-headed hydra

Levels and vault maps discovered:
D:1:      dpeg_arrival_solitude, layout_basic, minmay_cut_off
D:2:      minmay_kobold_bridge, layout_loops_ring, lemuel_crystal_altar,
          old_standard_altar, first_ration, uniq_sigmund
D:3:      layout_rooms, nicolae_overflow_crystal_walls,
          lemuel_coloured_pillars_altar
D:4:      layout_basic, okawaru_gym_becter
D:5:      layout_loops_cross, lemuel_crystal_altar, makhleb_heckhound_becter,
          serial_shops, shop
D:6:      layout_loops_ring, old_standard_altar, serial_shops, shop, uniq_pikel
D:7:      layout_gridville, evilmike_ruin_ashenzari,
          nicolae_qazlal_general_emergency, minmay_temple_entry_ruins
D:8:      layout_loops_ring, dancing_weapons_uskayaw, kennysheep_little_box,
          lair_entry_dummy, ploomutoo_gammafunk_ghost_potion_laboratory,
          nrook_mini_backslash
Lair:1:   layout_roguey, uniq_sonja

Skill      XL: |  1  2  3  4  5  6  7  8  9 10 |
---------------+-------------------------------+-----
Axes           | 4 7 8 9 11 13 14 | 14.7
Fighting       | 6 8 |  8.3
Armour         | 6 7 |  7.8
Dodging        | |  2.1

Action                   |  1- 3 |  4- 6 |  7- 9 | 10-12 || total
-------------------------+-------+-------+-------+-------++-------
Melee: Hand axe          |    44 |    70 |       |       ||   114
       Headbutt          |     5 |    20 |    39 |     4 ||    68
       War axe           |       |    72 |   264 |    19 ||   355
       Kick              |       |       |    53 |     7 ||    60
Invok: Berserk           |     1 |       |     1 |     1 ||     3
       Trog's Hand       |       |       |       |     1 ||     1
  Use: Potion            |     4 |     2 |     7 |     1 ||    14
       Scroll            |     3 |     5 |     6 |     1 ||    15
  Eat: Chunk             |       |     6 |     8 |     2 ||    16
       Ration            |       |       |     1 |       ||     1
Armor: Animal skin       |     3 |       |       |       ||     3
       Ring mail         |     2 |    12 |       |       ||    14
       Plate armour      |       |    60 |   106 |    10 ||   176
Dodge: Dodged            |    14 |    49 |    60 |     6 ||   129
       Deflected         |       |       |     1 |     1 ||     2
Block: Shield            |       |       |    49 |    13 ||    62
       Reflection        |       |       |       |     4 ||     4
